 Dungeon Crawl Stone Soup version 0.30-a0-12-gd8047c6341 (webtiles) character file.

Game seed: 5927605442993803073

70 nickcage the Cudgeller (level 4, -4/37 HPs)
             Began as a Minotaur Gladiator on Aug 23, 2022.
             Killed from afar by an orc wizard (9 damage)
             ... with a puff of flame
             ... on level 3 of the Dungeon.
             The game lasted 00:02:33 (1985 turns).

nickcage the Cudgeller (Minotaur Gladiator)         Turns: 1985, Time: 00:02:33

Health: -4/37      AC:  5    Str: 21    XL:     4   Next: 3%
Magic:  3/3        EV: 11    Int:  5    God:
Gold:   83         SH:  0    Dex: 11    Spells: 3/3 levels left

rFire   . . .      SeeInvis .    a - +0 flail
rCold   . . .      Faith    .    (no shield)
rNeg    . . .      Spirit   .    f - +0 ring mail
rPois   .          Reflect  .    c - +0 hat
rElec   .          Harm     .    (no cloak)
rCorr   +          Rampage  .    (no gloves)
Will    .....                    (no boots)
Stlth   +.........               (no amulet)
HPRegen 0.12/turn                o - ring of resist corrosion
MPRegen 0.08/turn                (no ring)

@: no status effects
A: horns 2, retaliatory headbutt
a: no special abilities


You were on level 3 of the Dungeon.
You visited 1 branch of the dungeon, and saw 3 of its levels.

You collected 83 gold pieces.

Inventory:

Hand Weapons
 a - a +0 flail (weapon)
Missiles
 d - 3 throwing nets (quivered)
 e - a javelin
Armour
 b - a +0 leather armour
 c - a +0 hat (worn)
 f - a +0 ring mail (worn)
Jewellery
 o - a ring of resist corrosion (left hand)
Scrolls
 g - a scroll of amnesia {unknown}
 h - a scroll of identify {unknown}
 l - a scroll of poison {unknown}
Potions
 i - a potion of mutation {unknown}
 j - a potion of curing {unknown}
 k - 3 potions of heal wounds {unknown}
 m - a potion of might {unknown}
 n - a potion of resistance {unknown}


   Skills:
 - Level 2.4 Fighting
 + Level 6.0 Maces & Flails
 - Level 2.0 Throwing
 - Level 3.2 Dodging


You had 3 spell levels left.
You didn't know any spells.
Your spell library was empty.

Dungeon Overview and Level Annotations

Branches:
Dungeon (3/15)

Altars:


Innate Abilities, Weirdness & Mutations

You have a pair of horns on your head.
You reflexively headbutt those who attack you in melee.


Message History

The ball python attacks as you move away!
The ball python bites you but does no damage.
The ball python closely misses you. Something hits you but does no damage.
Something hits you.
You hear some strange, mumbled words.
A puff of flame appears from out of thin air!
The puff of flame hits you.
You sock the ball python!
You kill the ball python!
You hit something. Your headbutt misses something.
Something hits you but does no damage.
You closely miss something. Something hits you.
You closely miss something. Your headbutt misses something.
Something hits you but does no damage.
You miss something. Something hits you.
You barely miss something. Something hits you but does no damage.
You sock something! Your headbutt misses something. Something hits you.
You writhe in agony.
You hear some strange, mumbled words.
Something tries to affect you, but you resist.
You barely miss something. Your headbutt misses something.
Something hits you but does no damage.
You miss something. Something hits you.
* * * LOW HITPOINT WARNING * * *
You writhe in agony.
* * * LOW HITPOINT WARNING * * *
You miss something. Something hits you.
* * * LOW HITPOINT WARNING * * *
You barely miss something. Your headbutt misses something.
Your punch misses something. Something hits you.
* * * LOW HITPOINT WARNING * * *
You hit something. Your headbutt misses something.
Something hits you but does no damage.
You writhe in agony.
* * * LOW HITPOINT WARNING * * *
You hit something.
You hear some strange, mumbled words.
A puff of flame appears from out of thin air!
The puff of flame hits you!
You die...

#...........#
###+###.##
#...!.......#
#......#
#..$........#
#####..##
##...........#
#...##
.............#
#.#.#.
.............#
#.#.#.
.........o.oo#
#.#...
..########o#{#
#.##.. #@# #.##..
#.# #.##.. #.#
#.###. #.# #.# #.
#.# ######.###.
#.# #...>......
#.######.####.####
#.............#
########.######


You could see 2 orcs.

Vanquished Creatures
  An adder (D:3)
  A dart slug (D:2)
  4 ball pythons
  3 endoplasms
  5 giant cockroaches
  3 goblins
  3 hobgoblins
  7 jackals (D:2)
  3 quokkas (D:1)
  8 bats
  A frilled lizard (D:1)
  6 kobolds
  8 rats
53 creatures vanquished.

Notes
Turn   | Place    | Note
-------+----------+-------------------------------------------
     0 | D:1      | nickcage the Minotaur Gladiator began the quest for the
                  | Orb.
     0 | D:1      | Reached XP level 1. HP: 18/18 MP: 0/0
   161 | D:1      | Reached skill level 4 in Maces & Flails
   305 | D:1      | Reached XP level 2. HP: 25/25 MP: 1/1
   702 | D:1      | Reached skill level 5 in Maces & Flails
   811 | D:1      | Reached XP level 3. HP: 30/30 MP: 2/2
  1540 | D:2      | Found a faded altar of an unknown god.
  1900 | D:3      | Reached skill level 6 in Maces & Flails
  1900 | D:3      | Reached XP level 4. HP: 37/37 MP: 3/3
  1985 | D:3      | Killed from afar by an orc wizard

Illustrated notes

Levels and vault maps discovered:
D:1:      beargit_arrival_greenhouse, layout_loops_ring,
          minmay_misc_feat_diagonals, grunt_decor_fettered
D:2:      layout_basic, shapermc_ecumenical_altar_venn
D:3:      layout_basic, marbit_many_paths, overflow_temple_1_default,
          old_standard_altar, serial_shops, shop_fountains, roderic_lattice_a

Skill      XL: |  1  2  3 |
---------------+----------+-----
Maces & Flails | 4 5 6 |  6.0
Fighting       | |  2.4
Throwing       | |  2.0
Dodging        | |  3.2

Action                   |  1- 3 |  4- 6 || total
-------------------------+-------+-------++-------
Melee: Flail             |   119 |    17 ||   136
       Headbutt          |     9 |     2 ||    11
       Punch             |     2 |       ||     2
Armor: Ring mail         |    50 |     9 ||    59
Dodge: Dodged            |    74 |     4 ||    78

Table legend: (Time is in decaauts)
 A = Elapsed time spent in this place.
 B = Non-inter-level travel time spent in this place.
 C = Inter-level travel time spent in this place.
 D = Time resting spent in this place.
 E = Time spent auto-exploring this place.
 F = Levels seen in this place.
 G = Mean time per level.
                   A        B        C        D        E       F      G
               +--------+--------+--------+--------+--------+-----+--------+
         Total |   2003 |   1977 |     26 |      0 |   1673 |   3 |  667.7 |
       Dungeon |   2003 |   1977 |     26 |      0 |   1673 |   3 |  667.7 |
               +--------+--------+--------+--------+--------+-----+--------+

Top non-repeatable levels by time:
     D:1: 1021 daAuts
     D:2: 888 daAuts
     D:3: 93 daAuts
